 Dungeon Crawl Stone Soup version 0.21.1-1-g345015f (webtiles) character file.

58 letownia2 the Poker (level 4, -1/33 HPs)
             Began as a Merfolk Skald on Mar 12, 2018.
             Slain by a gnoll
             ... wielding a +0 club
              (3 damage)
             ... on level 3 of the Dungeon.
             The game lasted 00:04:24 (745 turns).

letownia2 the Poker (Merfolk Skald)                  Turns: 745, Time: 00:04:25

Health: -1/33      AC:  3    Str: 11    XL:     4   Next: 1%
Magic:  1/7        EV: 12    Int: 13    God:
Gold:   64         SH:  0    Dex: 13    Spells: 1/7 levels left

rFire    . . .     SeeInvis .   a - +0 spear
rCold    . . .     Gourm    .   (no shield)
rNeg     . . .     Faith    .   b - +0 leather armour
rPois    .         Spirit   .   (no helmet)
rElec    .         Reflect  .   (no cloak)
rCorr    .         Harm     .   (no gloves)
MR       .....                  (no boots)
Stlth    +.........             (no amulet)
HPRegen  0.11/turn              (no ring)
MPRegen  0.10/turn              (no ring)

@: very slightly contaminated
A: change form in water, swift swim, stealthy swim
a: no special abilities


You were on level 3 of the Dungeon.
You were hungry.

You visited 1 branch of the dungeon, and saw 3 of its levels.

You collected 64 gold pieces.

Inventory:

Hand Weapons
 a - a +0 spear (weapon)
Armour
 b - a +0 leather armour (worn)
 e - a +1 robe of magic resistance
 f - a +0 ring mail
Scrolls
 g - a scroll of teleportation {unknown}
 h - a scroll of identify {unknown}
 i - a scroll of remove curse {unknown}
 k - a scroll of amnesia {unknown}
Books
 c - a book of Battle

   Spells                             Type                      Level
   a - Infusion                       Charms                       1
   b - Shroud of Golubria             Charms/Translocation         2
   c - Song of Slaying                Charms                       2
   d - Spectral Weapon                Hexes/Charms                 3
   e - Regeneration                   Charms/Necromancy            3
Comestibles
 d - a ration


   Skills:
 - Level 2.1 Fighting
 + Level 5.0 Polearms
 - Level 0.6 Armour
 - Level 2.6 Dodging
 - Level 2.0 Spellcasting
 + Level 0.9 Hexes
 - Level 3.2 Charms
 - Level 1.4 Translocations


You had one spell level left.
You knew the following spells:

 Your Spells              Type           Power        Failure   Level  Hunger
a - Infusion              Chrm           #...         9%          1    ##.....
t - Shroud of Golubria    Chrm/Tloc      #.........   19%         2    ###....
x - Spectral Weapon       Hex/Chrm       #.......     38%         3    ####...


Dungeon Overview and Level Annotations

Branches:
Dungeon (3/15)

Altars:
Vehumet


Message History

Attack whom?
Press: ? - help, Dir - move target cursor, f/p - gnoll
Aim: a gnoll, wielding a club (almost dead)
You barely miss the gnoll.
The gnoll is almost dead.
The gnoll closely misses you.
Unknown command.
Attack whom?
Press: ? - help, Dir - move target cursor, f/p - gnoll
Aim: a gnoll, wielding a club (almost dead)
You barely miss the gnoll.
The gnoll is almost dead.
Unknown command.
Attack whom?
Press: ? - help, Dir - move target cursor, f/p - gnoll
Aim: a gnoll, wielding a club (almost dead)
You closely miss the gnoll.
The gnoll is almost dead.
The gnoll hits you with a club.
You die...

### ..# ..# ..############
......<......#########
...####.........@g...##########
....###......#######..........#
..#..##......## ####........
####..........#### ##........
###...........#####.........
##......###..#....##....##
#......##......g## ..#.#
##....###......g# #..#..#
###............##....#..


You could see a gnoll.

Vanquished Creatures
  A gnoll (D:3)
  2 adders (D:2)
  2 worms
  2 goblins (D:1)
  6 hobgoblins
  6 bats
  2 frilled lizards (D:1)
  2 kobolds
  4 rats
27 creatures vanquished.

Notes
Turn   | Place    | Note
-------+----------+-------------------------------------------
     0 | D:1      | letownia2 the Merfolk Skald began the quest for the Orb.
     0 | D:1      | Reached XP level 1. HP: 16/16 MP: 3/3
   121 | D:1      | Reached skill level 4 in Polearms
   121 | D:1      | Reached XP level 2. HP: 15/22 MP: 1/5
   129 | D:1      | Learned a level 2 spell: Shroud of Golubria
   227 | D:2      | Found a radiant altar of Vehumet.
   318 | D:2      | Reached skill level 1 in Translocations
   318 | D:2      | Reached XP level 3. HP: 22/27 MP: 3/6
   376 | D:2      | HP: 1/27 [poisoned by an adder]
   382 | D:2      | HP: 1/27 [poisoned by an adder]
   408 | D:2      | Learned a level 3 spell: Spectral Weapon
   726 | D:3      | Reached skill level 5 in Polearms
   726 | D:3      | Reached XP level 4. HP: 28/33 MP: 1/7
   745 | D:3      | Slain by a gnoll

Skill      XL: |  1  2  3 |
---------------+----------+-----
Polearms       | 4 5 |  5.0
Translocations | 1 |  1.4
Fighting       | |  2.1
Armour         | |  0.6
Dodging        | |  2.6
Spellcasting   | |  2.0
Hexes          | |  0.9
Charms         | |  3.2

Action                   |  1- 3 |  4- 6 || total
-------------------------+-------+-------++-------
Melee: Spear             |   118 |    13 ||   131
 Cast: Infusion          |     3 |       ||     3
       Shroud of Golubri |     6 |       ||     6
       Spectral Weapon   |     1 |       ||     1
  Use: Potion            |     2 |       ||     2
 Stab: Sleeping          |     2 |       ||     2
Armor: Leather armour    |    26 |       ||    26
Dodge: Dodged            |    73 |     3 ||    76
